 Dungeon Crawl Stone Soup version 0.22-a0-299-g43f9854 (webtiles) character file.

367 RoseArtemis the Slasher (level 6, 0/56 HPs)
             Began as a Minotaur Fighter on Mar 26, 2018.
             Was a Follower of Okawaru.
             Slain by Prince Ribbit (16 damage)
             ... on level 5 of the Dungeon.
             The game lasted 00:08:43 (4011 turns).

RoseArtemis the Slasher (Minotaur Fighter)          Turns: 4011, Time: 00:08:44

Health: 0/56       AC:  8    Str: 21    XL:     6   Next: 41%
Magic:  3/5        EV: 11    Int:  6    God:    Okawaru [*.....]
Gold:   320        SH: 12    Dex: 10    Spells: 5/5 levels left

rFire    . . .     SeeInvis .   a - +0 long sword
rCold    . . .     Gourm    .   c - +0 shield
rNeg     . . .     Faith    .   b - +0 scale mail
rPois    .         Spirit   .   (helmet restricted)
rElec    .         Reflect  .   (no cloak)
rCorr    .         Harm     .   (no gloves)
MR       .....                  (no boots)
Stlth    +.........             (no amulet)
HPRegen  0.18/turn              (no ring)
MPRegen  0.09/turn              (no ring)

@: heroism
A: retaliatory headbutt, horns 2
a: Heroism, Renounce Religion


You were on level 5 of the Dungeon.
You worshipped Okawaru.
Okawaru was aware of your devotion.
You were not hungry.

You visited 1 branch of the dungeon, and saw 5 of its levels.

You collected 320 gold pieces.

Inventory:

Hand Weapons
 a - a +0 long sword (weapon)
Armour
 b - a +0 scale mail (worn)
 c - a +0 shield (worn)
Jewellery
 n - a cursed amulet of the gourmand {unknown}
 q - an uncursed ring of magical power {unknown}
 r - an uncursed ring of wizardry {unknown}
 t - an uncursed amulet of regeneration {unknown}
 u - an uncursed ring of see invisible {unknown}
 x - an uncursed ring of protection from cold {unknown}
Wands
 v - a wand of clouds (5)
Scrolls
 e - a scroll of amnesia
 g - a scroll of fog {unknown}
 h - 2 scrolls of magic mapping
 i - 6 scrolls of remove curse
 j - a scroll of teleportation
 l - a scroll of enchant armour {unknown}
 y - a scroll of random uselessness {unknown}
Potions
 d - a potion of might
 k - 2 potions of agility {unknown}
 o - 3 potions of heal wounds
 p - 4 potions of ambrosia
 s - a potion of berserk rage {unknown}
 w - a potion of lignification {unknown}
 z - 2 potions of degeneration {unknown}
 A - a potion of haste {unknown}
Comestibles
 f - 7 rations


   Skills:
 + Level 5.0(10.0) Fighting
 * Level 5.6(10.6) Long Blades
 + Level 5.0(10.0) Armour
 + Level 5.0(10.0) Shields


You had 5 spell levels left.
You didn't know any spells.

Dungeon Overview and Level Annotations

Branches:
Dungeon (5/15)
 Temple: D:4-7

Altars:
Fedhas
Okawaru
Wu Jian

Annotations:
D:5 1 transporter, Prince Ribbit


Innate Abilities, Weirdness & Mutations

You reflexively headbutt those who attack you in melee.
You have a pair of horns on your head.


Message History

You block Prince Ribbit's attack.
Prince Ribbit hits you but does no damage.
You slash Prince Ribbit!
Prince Ribbit is lightly wounded.
Prince Ribbit croaks regally.
Prince Ribbit hits you!
You miss Prince Ribbit.
Prince Ribbit is lightly wounded.
Prince Ribbit hits you but does no damage.
You hit Prince Ribbit.
Prince Ribbit is moderately wounded.
You block Prince Ribbit's attack.
You slash Prince Ribbit!
Prince Ribbit is severely wounded.
Prince Ribbit hits you!
* * * LOW HITPOINT WARNING * * *
You closely miss Prince Ribbit. You headbutt Prince Ribbit!
Prince Ribbit is almost dead.
Prince Ribbit hits you!
You die...

#....# ....# #....#
....+ #....#
######....## #....#
#........... #....#
#........... #....#
#.......>... #...F#
#...........
#...@#####...........
#####.)...##'##......
#.....#...#######
#.....#<..#§§.§§§
#.....#...#§§§§§§
#.....#...#§§#.#.
#######..©#§§©!..
##..#.§#.#.
#..#§.§§.§


You could see Prince Ribbit.

Vanquished Creatures
  A phantom (D:4)
  A crimson imp (D:5)
  An orc wizard (D:4)
  An orc priest (D:4)
  A worker ant (D:4)
  A hound skeleton (D:4)
  2 adders
  3 gnolls (D:4)
  A worm (D:3)
  A leopard gecko (D:4)
  8 orcs
  2 ball pythons
  6 bats
  2 giant cockroaches
  11 goblins
  9 hobgoblins
  10 jackals
  A quokka (D:3)
  6 frilled lizards
  5 kobolds (D:1)
  22 rats
95 creatures vanquished.

Notes
Turn   | Place    | Note
-------+----------+-------------------------------------------
     0 | D:1      | RoseArtemis the Minotaur Fighter began the quest for the Orb.
     0 | D:1      | Reached XP level 1. HP: 19/19 MP: 0/0
    92 | D:1      | Reached XP level 2. HP: 25/27 MP: 1/1
   374 | D:1      | Reached XP level 3. HP: 33/33 MP: 2/2
  1530 | D:3      | Reached XP level 4. HP: 35/40 MP: 3/3
  2355 | D:4      | Found a blossoming altar of Fedhas.
  2357 | D:4      | Found an ornate altar of the Wu Jian Council.
  2496 | D:4      | Reached XP level 5. HP: 10/47 MP: 4/4
  2797 | D:4      | Found an iron altar of Okawaru.
  2810 | D:4      | Became a worshipper of Warmaster Okawaru
  3117 | D:4      | Noticed a phantom
  3170 | D:4      | Killed a phantom
  3170 | D:4      | Reached skill level 5 in Long Blades
  3170 | D:4      | Reached XP level 6. HP: 21/55 MP: 5/5
  3375 | D:4      | Reached skill level 5 in Shields
  3970 | D:5      | Entered Level 5 of the Dungeon
  3970 | D:5      | Found a transporter.
  4001 | D:5      | Reached * piety under Okawaru
  4001 | D:5      | Reached skill level 5 in Fighting
  4001 | D:5      | Reached skill level 5 in Armour
  4004 | D:5      | Noticed Prince Ribbit
  4011 | D:5      | Slain by Prince Ribbit

Vault maps used:
D:1:      erik_arrival_orb_chamber, serial_park_tiny_pond
D:3:      first_ration, guppyfry_early_orc_mine
D:4:      lemuel_round_altar, gammafunk_temple_overflow_statue,
          minmay_checkerbox
D:5:      gammafunk_cloud_chamber, grunt_gozag_breadcrumbs,
          minmay_temple_entry_statues, uniq_prince_ribbit1

Skill      XL: |  1  2  3  4  5  6 |
---------------+-------------------+-----
Long Blades    | 3 4 5 |  5.6
Shields        | 4 5 |  5.0
Fighting       | 4 5 |  5.0
Armour         | 4 5 |  5.0

Action                   |  1- 3 |  4- 6 || total
-------------------------+-------+-------++-------
Melee: Long sword        |   127 |   146 ||   273
       Headbutt          |    16 |    25 ||    41
Invok: Heroism           |       |     1 ||     1
  Use: Scroll            |     4 |     2 ||     6
  Eat: Chunk             |     2 |     8 ||    10
Armor: Scale mail        |    53 |    59 ||   112
Dodge: Dodged            |    44 |    30 ||    74
Block: Shield            |    59 |    71 ||   130
       Rpst.: Long sword |     8 |     4 ||    12

Table legend:
 A = Spawn XP
 B = Non-spawn XP
 C = Spawn XP percentage of total XP
 D = Spawn monster count
 E = Non-spawn monster count
 F = Spawn count percentage of total count
 G = Total turns spent on level
                    A         B        C        D         E        F      G
               +---------+---------+-------+---------+---------+-------+---------
         Total |       0 |     525 |   0.0 |       0 |      95 |   0.0 |  4011
               +---------+---------+-------+---------+---------+-------+---------
           D:1 |       0 |      61 |   0.0 |       0 |      45 |   0.0 |   863
           D:2 |       0 |      28 |   0.0 |       0 |       9 |   0.0 |   657
           D:3 |       0 |      64 |   0.0 |       0 |      25 |   0.0 |   798
           D:4 |       0 |     322 |   0.0 |       0 |      15 |   0.0 |  1652
           D:5 |       0 |      50 |   0.0 |       0 |       1 |   0.0 |    41
               +---------+---------+-------+---------+---------+-------+---------
